 Dungeon Crawl Stone Soup version 0.29-a0-356-g7bc237e783 (webtiles) character file.

Game seed: 717229187636598510

2534 spaghetti the Archer (level 9, -1/68 HPs)
             Began as a Gnoll Wanderer on Apr 25, 2022.
             Slain by an orc warrior
             ... wielding a +0 trident
              (17 damage)
             ... on level 7 of the Dungeon.
             The game lasted 00:14:39 (7919 turns).

spaghetti the Archer (Gnoll Wanderer)               Turns: 7919, Time: 00:14:40

Health: -1/68      AC: 11    Str: 13    XL:     9   Next: 55%
Magic:  16/16      EV: 15    Int: 18    God:
Gold:   3315       SH:  0    Dex: 18    Spells: 11/18 levels left

rFire   . . .      SeeInvis .   b - +5 long sword (vamp) {long}
rCold   . . .      Faith    .   (no shield)
rNeg    . . .      Spirit   .   w - +0 steam dragon scales
rPois   .          Reflect  .   c - +0 helmet "Kiemysm" {Str+2}
rElec   .          Harm     .   x - +0 cloak
rCorr   .          Rampage  .   e - +1 pair of gloves {Stlth+}
Will    .....                   k - +0 pair of boots
Stlth   ++++......              (no amulet)
HPRegen 0.21/turn               l - +6 ring of dexterity
MPRegen 0.15/turn               (no ring)

@: mighty
A: fangs 1, strong nose, distributed training, clever 1, sense surroundings 1
a: no special abilities


You were on level 7 of the Dungeon.
You visited 1 branch of the dungeon, and saw 7 of its levels.
You also visited: Sewer.

You collected 3419 gold pieces.
You spent 104 gold pieces at shops.


Innate Abilities, Weirdness & Mutations

You have very sharp teeth.
Your uncanny sense of smell can sniff out nearby items.
Your experience applies equally to all skills.
Your mind is acute. (Int +2)
You passively map a small area around you.


   Skills:
 + Level 5.1 Fighting
 + Level 4.3 Short Blades
 + Level 4.3 Long Blades
 + Level 4.3 Axes
 + Level 4.3 Maces & Flails
 + Level 4.3 Polearms
 + Level 4.3 Staves
 + Level 4.3 Slings
 + Level 9.6 Bows
 + Level 4.3 Crossbows
 + Level 4.3 Throwing
 + Level 4.3 Armour
 + Level 6.4 Dodging
 + Level 5.0 Stealth
 + Level 4.3 Shields
 + Level 4.3 Unarmed Combat
 + Level 5.2 Spellcasting
 + Level 3.6 Conjurations
 + Level 3.6 Hexes
 + Level 3.6 Summonings
 + Level 3.6 Necromancy
 + Level 4.2 Translocations
 + Level 3.6 Transmutations
 + Level 3.6 Fire Magic
 + Level 3.6 Ice Magic
 + Level 3.6 Air Magic
 + Level 3.6 Earth Magic
 + Level 3.6 Poison Magic
 + Level 4.8 Invocations
 + Level 4.3 Evocations


You had 11 spell levels left.
You knew the following spells:

 Your Spells              Type           Power      Damage    Failure   Level
a - Apportation           Tloc           40%        N/A       2%          1
b - Statue Form           Tmut/Erth      11%        N/A       99%         6

Your spell library contained the following spells:

 Spells                   Type           Power      Damage    Failure   Level
 Sting                    Tmut/Pois      68%        1d6       3%          1
 Poisonous Vapours        Pois/Air       34%        N/A       4%          2
 Gell's Gravitas          Tloc           20%        N/A       7%          3
 Teleport Other           Tloc           20%        N/A       7%          3
 Dazzling Flash           Conj/Hex       34%        N/A       9%          3
 Leda's Liquefaction      Hex/Erth       8%         N/A       28%         4
 Olgreb's Toxic Radiance  Pois           17%        N/A       28%         4
 Agony                    Necr           17%        N/A       63%         5
 Lee's Rapid Deconstruct  Erth           8%         3d8*      63%         5
 Silence                  Hex/Air        8%         N/A       63%         5
 Dispersal                Tloc           10%        N/A       98%         6

Inventory:

Hand Weapons
 a - a +0 vorpal shortbow {bow}
 b - a +5 vampiric long sword (weapon) {long}
   (You took it off Maggie on level 7 of the Dungeon)
 m - a +1 short sword of venom {short}
   (You took it off a kobold on level 1 of the Dungeon)
Missiles
 f - 176 stones {throwing}
 h - 2 curare-tipped darts {=fthrowing}
 j - 16 poisoned darts {throwing}
 y - 2 silver boomerangs {throwing}
 z - 6 boomerangs {throwing}
Armour
 c - the +0 helmet "Kiemysm" (worn) {Str+2}
   (You acquired it on level 6 of the Dungeon)

   Str:       It affects your strength (+2).
 d - a +0 robe
 e - a +1 pair of gloves of stealth (worn)
   (You found it on level 1 of the Dungeon)
 k - a +0 pair of boots (worn)
 v - a scarf of invisibility
   (You found it on level 3 of the Dungeon)
 w - +0 steam dragon scales (worn)
   (You took it off Maggie on level 7 of the Dungeon)
 x - a +0 cloak (worn)
   (You took it off Crazy Yiuf on level 3 of the Dungeon)
Jewellery
 l - a +6 ring of dexterity (left hand)
   (You found it on level 1 of the Dungeon)
 E - a ring of flight
   (You found it on level 5 of the Dungeon)
Wands
 F - a wand of flame (14)
   (You found it on level 6 of the Dungeon)
Scrolls
 g - 3 scrolls of teleportation {@r4}
 i - 4 scrolls of identify {@r1}
 p - a scroll of enchant weapon {unknown}
 q - 4 scrolls of immolation {!r!r}
 t - a scroll of amnesia {unknown}
 u - 3 scrolls of blinking {unknown}
 B - 3 scrolls of fog {unknown}
 C - 2 scrolls of torment {unknown}
Potions
 n - 3 potions of flight
 o - 4 potions of might
 r - a potion of brilliance
 s - a potion of cancellation

Dungeon Overview and Level Annotations

Branches:
Dungeon (7/15)             Temple (0/1) D:7           Sewer (visited)

Altars:
Ashenzari
Uskayaw

Shops:
D:6

*: , , * .. ,*.#.#. #.
.#... , ,..,.....* , .##
.##.#..*.# * * ,...
,...#.##.# #.. #....##.#
, #.#.>.#o##.##.### * ,#
, ,.....os@o.......# ..#
...#.#o#รท...#.#.###..#
.## #.#.#.#..#.....#..# *
*
โˆ†.........#....#......#
#.##.#..............#
#.#....#.##..##.......###
............###.........#
######..##### #..........
, * ##.#######.........#


You could see an orc warrior, a scorpion, an orc wizard and 2 orcs.


Message History

๐Ÿ˜• HP[+1]
You start removing your armour.
You continue taking off your +0 robe. x4
You finish taking off your +0 robe.
You start putting on your armour.
You continue putting on your +0 steam dragon scales.
The orc warrior closely misses you.
You continue putting on your +0 steam dragon scales.
The orc warrior hits you from afar with a +0 trident.
Keep equipping yourself? [Y]es or [N]o only, please.
Keep equipping yourself?
You continue putting on your +0 steam dragon scales.
The orc warrior misses you.
You continue putting on your +0 steam dragon scales.
The orc warrior closely misses you.
You continue putting on your +0 steam dragon scales.
The orc warrior barely misses you.
You finish putting on your +0 steam dragon scales. ๐Ÿ˜• HP[-2]
You take 2 damage, and now have 56/68 hp.
Unknown command.
Unknown command. 2 orcs come into view.
You see here the human skeleton of Maggie.
The orc misses you.
The orc warrior hits you with a +0 trident. ๐Ÿ˜• HP[-4]
You take 4 damage, and now have 52/68 hp.
You closely miss the orc warrior. The orc closely misses you.
The orc warrior misses you.
You hit the orc warrior. The orc misses you. The orc barely misses you.
The orc warrior hits you with a +0 trident.
The orc warrior hits you with a +0 trident!
The orc hits you but does no damage. The orc barely misses you. ๐Ÿ˜ฎ HP[-8]
You take 8 damage, and now have 44/68 hp.
You slash the orc warrior!
You bite the orc warrior, but do no damage.
The orc hits you but does no damage. The orc closely misses you.
The orc warrior hits you but does no damage.
You barely miss the orc warrior.
You punch the orc warrior, but do no damage.
The orc hits you with a +0 morningstar! The orc misses you.
The orc warrior closely misses you. ๐Ÿ˜ฎ HP[-7]
You take 7 damage, and now have 37/68 hp.
You closely miss the orc warrior. The orc barely misses you.
The orc hits you but does no damage.
The orc warrior hits you but does no damage.
You slash the orc warrior! The orc hits you but does no damage.
The orc closely misses you.
The orc warrior hits you with a +0 trident.
A scorpion comes into view. ๐Ÿ˜ฎ HP[-1]
You take 1 damage, and now have 36/68 hp.
You hit the orc warrior but do no damage.
You bite the orc warrior, but do no damage.
The orc closely misses you. The orc misses you.
The orc warrior hits you with a +0 trident!
* * * LOW HITPOINT WARNING * * *
๐Ÿ˜จ HP[-7]
You take 7 damage, and now have 29/68 hp.
You hit the orc warrior but do no damage.
You bite the orc warrior, but do no damage.
The orc closely misses you. The orc barely misses you.
The orc warrior completely misses you.
The orc warrior hits you but does no damage.
The orc barely misses you. The orc hits you with a +0 mace.
* * * LOW HITPOINT WARNING * * *
๐Ÿ˜จ HP[-1]
You take 1 damage, and now have 28/68 hp.
You barely miss the orc warrior.
You bite the orc warrior, but do no damage.
An orc wizard comes into view. It is wielding a +0 dagger.
The orc misses you. The orc hits you with a +0 mace.
* * * LOW HITPOINT WARNING * * *
The orc warrior misses you. ๐Ÿ˜จ HP[-3]
You take 3 damage, and now have 25/68 hp.
The orc wizard shouts!
You hit the orc warrior but do no damage.
The orc closely misses you. The orc barely misses you.
The orc warrior barely misses you. ๐Ÿ˜จ HP[+1]
You hit the orc warrior.
You feel better. The orc closely misses you.
The orc warrior closely misses you. ๐Ÿ˜จ HP[+1]
You hit the orc warrior but do no damage.
The orc barely misses you. x2
The orc warrior hits you with a +0 trident!
* * * LOW HITPOINT WARNING * * *
The scorpion stings you but does no damage. ๐Ÿ˜จ HP[-8]
You take 8 damage, and now have 19/68 hp.
Okay, then.
You feel very mighty all of a sudden. The orc hits you with a +0 mace.
* * * LOW HITPOINT WARNING * * *
The orc warrior hits you with a +0 trident!
You die...

Skill      XL: |  1  2  3  4  5  6  7  8  9 |
---------------+----------------------------+-----
Translocations | 2 3 4 |  4.2
Invocations    | 1 2 3 4 |  4.8
Short Blades   | 1 2 3 4 |  4.3
Long Blades    | 1 2 3 4 |  4.3
Axes           | 1 2 3 4 |  4.3
Maces & Flails | 1 2 3 4 |  4.3
Polearms       | 1 2 3 4 |  4.3
Staves         | 1 2 3 4 |  4.3
Slings         | 1 2 3 4 |  4.3
Crossbows      | 1 2 3 4 |  4.3
Throwing       | 1 2 3 4 |  4.3
Armour         | 1 2 3 4 |  4.3
Shields        | 1 2 3 4 |  4.3
Unarmed Combat | 1 2 3 4 |  4.3
Evocations     | 1 2 3 4 |  4.3
Spellcasting   | 3 4 5 |  5.2
Conjurations   | 1 2 3 |  3.6
Hexes          | 1 2 3 |  3.6
Summonings     | 1 2 3 |  3.6
Necromancy     | 1 2 3 |  3.6
Transmutations | 1 2 3 |  3.6
Fire Magic     | 1 2 3 |  3.6
Ice Magic      | 1 2 3 |  3.6
Air Magic      | 1 2 3 |  3.6
Earth Magic    | 1 2 3 |  3.6
Poison Magic   | 1 2 3 |  3.6
Fighting       | 3 4 5 |  5.1
Stealth        | 3 4 5 |  5.0
Dodging        | 5 6 |  6.4
Bows           | 9 |  9.6

Action                   |  1- 3 |  4- 6 |  7- 9 || total
-------------------------+-------+-------+-------++-------
Melee: Short sword       |       |   141 |   101 ||   242
       Bite              |       |    14 |    20 ||    34
       Punch             |       |     4 |     2 ||     6
       Long sword        |       |       |    12 ||    12
 Fire: Shortbow          |    77 |   100 |   194 ||   371
Throw: Dart              |       |       |     2 ||     2
Evoke: Wand              |       |       |     2 ||     2
  Use: Potion            |       |     5 |     8 ||    13
       Scroll            |       |       |     8 ||     8
 Stab: Sleeping          |       |     1 |     5 ||     6
Armor: Robe              |     5 |    38 |    32 ||    75
       Steam dragon scal |       |       |     8 ||     8
       Skin              |       |       |     1 ||     1
Dodge: Dodged            |     9 |    95 |   123 ||   227

Levels and vault maps discovered:
D:1:      amcnicky_arrival_feature_with_door, layout_rooms
D:2:      layout_basic, ebering_ecumenical_altar_box, basic_altar,
          minmay_misc_feat_iff, minmay_tromino_v4_a
D:3:      layout_loops_corners, uniq_crazy_yiuf_cottage
D:4:      layout_loops_corners, nicolae_ashenzari_skybound, portal_sewer_entry_b
D:5:      layout_loops_corners
D:6:      layout_gridville, serial_shops, shop, kennysheep_windowed_goal
D:7:      layout_loops_ring, minmay_temple_entry_ruins,
          ebering_ghost_reflecting_pool, uniq_menkaure, uniq_maggie

Notes
Turn   | Place    | Note
-------+----------+-------------------------------------------
     0 | D:1      | spaghetti the Gnoll Wanderer began the quest for the Orb.
     0 | D:1      | spaghetti set off with the following items: a +0 vorpal
                  | shortbow {bow}, a +0 pair of boots, a potion of curing
                  | {@q1}, a +0 robe; and the following spell memorised:
                  | Apportation; and the following spells available to
                  | memorise: Gell's Gravitas
     0 | D:1      | Reached XP level 1. HP: 17/17 MP: 4/4
     0 | D:1      | magus.rc [v1.9.6]
    55 | D:1      | You add the spells Teleport Other and Dispersal to your
                  | library.
    58 | D:1      | Reached skill level 2 in Translocations
    78 | D:1      | Reached XP level 2. HP: 23/23 MP: 5/5
   124 | D:1      | Reached XP level 3. HP: 22/28 MP: 7/7
   196 | D:1      | You pick up a book of the Earth and begin reading...
   196 | D:1      | You add the spells Leda's Liquefaction, Lee's Rapid
                  | Deconstruction and Statue Form to your library.
   312 | D:1      | Reached skill level 1 in Invocations
   720 | D:2      | Found a faded altar of an unknown god.
   872 | D:2      | Reached skill level 1 in Short Blades
   872 | D:2      | Reached skill level 1 in Long Blades
   872 | D:2      | Reached skill level 1 in Axes
   872 | D:2      | Reached skill level 1 in Maces & Flails
   872 | D:2      | Reached skill level 1 in Polearms
   872 | D:2      | Reached skill level 1 in Staves
   872 | D:2      | Reached skill level 1 in Slings
   872 | D:2      | Reached skill level 1 in Crossbows
   872 | D:2      | Reached skill level 1 in Throwing
   872 | D:2      | Reached skill level 1 in Armour
   872 | D:2      | Reached skill level 1 in Shields
   872 | D:2      | Reached skill level 1 in Unarmed Combat
   872 | D:2      | Reached skill level 1 in Evocations
   929 | D:2      | Reached XP level 4. HP: 34/34 MP: 8/8
  1276 | D:2      | Found a hide-covered altar of Uskayaw.
  1807 | D:3      | Reached skill level 3 in Spellcasting
  2101 | D:3      | Found a runed translucent door.
  2102 | D:3      | Noticed Crazy Yiuf
  2164 | D:3      | Reached skill level 1 in Conjurations
  2164 | D:3      | Reached skill level 1 in Hexes
  2164 | D:3      | Reached skill level 1 in Summonings
  2164 | D:3      | Reached skill level 1 in Necromancy
  2164 | D:3      | Reached skill level 1 in Transmutations
  2164 | D:3      | Reached skill level 1 in Fire Magic
  2164 | D:3      | Reached skill level 1 in Ice Magic
  2164 | D:3      | Reached skill level 1 in Air Magic
  2164 | D:3      | Reached skill level 1 in Earth Magic
  2164 | D:3      | Reached skill level 1 in Poison Magic
  2303 | D:3      | You pick up a book of the Senses and begin reading...
  2303 | D:3      | You add the spells Dazzling Flash, Agony and Silence to
                  | your library.
  2406 | D:3      | Killed Crazy Yiuf
  2407 | D:3      | Reached XP level 5. HP: 40/40 MP: 9/9
  2635 | D:4      | Found a broken altar of Ashenzari.
  2669 | D:4      | Reached skill level 3 in Fighting
  2757 | D:4      | Reached skill level 2 in Invocations
  2757 | D:4      | Reached XP level 6. HP: 39/47 MP: 10/10
  2972 | D:4      | Reached skill level 3 in Stealth
  3053 | D:4      | Reached skill level 5 in Dodging
  3108 | D:4      | Found a glowing drain.
  3125 | D:4      | Reached skill level 2 in Short Blades
  3125 | D:4      | Reached skill level 2 in Long Blades
  3125 | D:4      | Reached skill level 2 in Axes
  3125 | D:4      | Reached skill level 2 in Maces & Flails
  3125 | D:4      | Reached skill level 2 in Polearms
  3125 | D:4      | Reached skill level 2 in Staves
  3125 | D:4      | Reached skill level 2 in Slings
  3125 | D:4      | Reached skill level 2 in Crossbows
  3125 | D:4      | Reached skill level 2 in Throwing
  3125 | D:4      | Reached skill level 2 in Armour
  3125 | D:4      | Reached skill level 2 in Shields
  3125 | D:4      | Reached skill level 2 in Unarmed Combat
  3125 | D:4      | Reached skill level 2 in Evocations
  3137 | Sewer    | Entered a sewer
  3779 | Sewer    | HP: 10/47 [kobold brigand/+0 dagger (8)]
  3784 | Sewer    | HP: 9/47 [kobold brigand/+0 dagger (6)]
  3788 | Sewer    | HP: 3/47 [kobold brigand/+0 dagger (5)]
  3790 | Sewer    | Reached XP level 7. HP: 4/52 MP: 12/12
  4246 | Sewer    | Reached skill level 2 in Conjurations
  4246 | Sewer    | Reached skill level 2 in Hexes
  4246 | Sewer    | Reached skill level 2 in Summonings
  4246 | Sewer    | Reached skill level 2 in Necromancy
  4246 | Sewer    | Reached skill level 2 in Transmutations
  4246 | Sewer    | Reached skill level 2 in Fire Magic
  4246 | Sewer    | Reached skill level 2 in Ice Magic
  4246 | Sewer    | Reached skill level 2 in Air Magic
  4246 | Sewer    | Reached skill level 2 in Earth Magic
  4246 | Sewer    | Reached skill level 2 in Poison Magic
  4253 | Sewer    | Reached skill level 3 in Translocations
  5089 | D:5      | Entered Level 5 of the Dungeon
  5121 | D:5      | Reached skill level 9 in Bows
  5142 | D:5      | Reached skill level 3 in Invocations
  5156 | D:5      | Reached skill level 4 in Spellcasting
  5498 | D:5      | Reached XP level 8. HP: 60/60 MP: 14/14
  5622 | D:5      | Reached skill level 4 in Fighting
  5730 | D:5      | Reached skill level 3 in Short Blades
  5730 | D:5      | Reached skill level 3 in Long Blades
  5730 | D:5      | Reached skill level 3 in Axes
  5730 | D:5      | Reached skill level 3 in Maces & Flails
  5730 | D:5      | Reached skill level 3 in Polearms
  5730 | D:5      | Reached skill level 3 in Staves
  5730 | D:5      | Reached skill level 3 in Slings
  5730 | D:5      | Reached skill level 3 in Crossbows
  5730 | D:5      | Reached skill level 3 in Throwing
  5730 | D:5      | Reached skill level 3 in Armour
  5730 | D:5      | Reached skill level 3 in Shields
  5730 | D:5      | Reached skill level 3 in Unarmed Combat
  5730 | D:5      | Reached skill level 3 in Evocations
  6222 | D:6      | Reached skill level 4 in Stealth
  6344 | D:6      | Found Qeew's General Store.
  6466 | D:6      | Bought a potion of mutation for 104 gold pieces
  6466 | D:6      | Gained mutation: Your muscles are strong. (Str +2) [potion
                  | of mutation]
  6466 | D:6      | Lost mutation: Your muscles are strong. (Str +2) [potion of
                  | mutation]
  6466 | D:6      | Gained mutation: You passively map a small area around you.
                  | [potion of mutation]
  6466 | D:6      | Gained mutation: Your mind is acute. (Int +2) [potion of
                  | mutation]
  6571 | D:6      | Reached skill level 4 in Invocations
  6587 | D:6      | Noticed a wraith
  6604 | D:6      | HP: 9/61 [wraith (8)]
  6613 | D:6      | Killed a wraith
  6614 | D:6      | Reached skill level 6 in Dodging
  6614 | D:6      | Reached skill level 3 in Conjurations
  6614 | D:6      | Reached skill level 3 in Hexes
  6614 | D:6      | Reached skill level 3 in Summonings
  6614 | D:6      | Reached skill level 3 in Necromancy
  6614 | D:6      | Reached skill level 3 in Transmutations
  6614 | D:6      | Reached skill level 3 in Fire Magic
  6614 | D:6      | Reached skill level 3 in Ice Magic
  6614 | D:6      | Reached skill level 3 in Air Magic
  6614 | D:6      | Reached skill level 3 in Earth Magic
  6614 | D:6      | Reached skill level 3 in Poison Magic
  6761 | D:6      | Found Cosymano's Book Shop.
  6783 | D:6      | Reached XP level 9. HP: 66/66 MP: 16/16
  6790 | D:6      | Learned a level 6 spell: Statue Form
  6958 | D:6      | Identified 4 scrolls of acquirement
  6958 | D:6      | Acquired 1266 gold pieces
  6960 | D:6      | Acquired 728 gold pieces
  6962 | D:6      | Acquired 1115 gold pieces
  6964 | D:6      | Acquired the +0 helmet "Kiemysm" {Str+2}
  7026 | D:6      | You add the spells Sting, Poisonous Vapours and Olgreb's
                  | Toxic Radiance to your library.
  7275 | D:7      | Reached skill level 4 in Short Blades
  7275 | D:7      | Reached skill level 4 in Long Blades
  7275 | D:7      | Reached skill level 4 in Axes
  7275 | D:7      | Reached skill level 4 in Maces & Flails
  7275 | D:7      | Reached skill level 4 in Polearms
  7275 | D:7      | Reached skill level 4 in Staves
  7275 | D:7      | Reached skill level 4 in Slings
  7275 | D:7      | Reached skill level 4 in Crossbows
  7275 | D:7      | Reached skill level 4 in Throwing
  7275 | D:7      | Reached skill level 4 in Armour
  7275 | D:7      | Reached skill level 4 in Shields
  7275 | D:7      | Reached skill level 4 in Unarmed Combat
  7275 | D:7      | Reached skill level 4 in Translocations
  7275 | D:7      | Reached skill level 4 in Evocations
  7412 | D:7      | Reached skill level 5 in Spellcasting
  7429 | D:7      | Noticed Menkaure
  7434 | D:7      | Killed Menkaure
  7435 | D:7      | Reached skill level 5 in Fighting
  7441 | D:7      | Found a staircase to the Ecumenical Temple.
  7610 | D:7      | Noticed Maggie
  7627 | D:7      | HP: 15/102 [Maggie/+5 vampiric long sword (11)]
  7629 | D:7      | HP: 5/102 [Maggie/+5 vampiric long sword (11)]
  7664 | D:7      | Killed Maggie
  7665 | D:7      | Reached skill level 5 in Stealth
  7919 | D:7      | HP: 16/68 [orc/+0 mace (3)]
  7919 | D:7      | Slain by an orc warrior

Vanquished Creatures
  Maggie (D:7)
  A wraith (D:6)
  Menkaure (D:7)
  A water moccasin (D:6)
  A black bear (D:7)
  A sky beast (D:6)
  4 kobold brigands
  3 bullfrogs (D:6)
  3 necrophages (D:6)
  2 scorpions
  2 howler monkeys (D:7)
  3 hounds
  5 jellies
  2 orc priests
  Crazy Yiuf (D:3)
  4 iguanas
  4 orc wizards
  8 adders
  2 gnolls (D:1)
  7 river rats
  A white imp (D:7)
  An ufetubus (D:5)
  5 worms
  2 dart slugs
  22 orcs
  5 bats
  11 endoplasms
  5 giant cockroaches
  5 goblins
  7 hobgoblins
  5 jackals
  6 quokkas
  13 ball pythons
  6 frilled lizards
  15 kobolds
  5 rats
170 creatures vanquished.

Table legend:
 A = Non-vault XP
 B = Vault XP
 C = Vault XP percentage of total XP
 D = Non-vault monster count
 E = Vault monster count
 F = Vault count percentage of total count
                 A         B        C        D         E       F
            +---------+---------+-------+---------+---------+-------
      Total |    2383 |    1237 |  34.2 |     124 |      46 |  27.1
            +---------+---------+-------+---------+---------+-------
        D:1 |      63 |       0 |   0.0 |      27 |       0 |   0.0
        D:2 |      20 |       9 |  31.0 |      12 |       4 |  25.0
        D:3 |      38 |      41 |  51.9 |      11 |       1 |   8.3
        D:4 |     344 |      37 |   9.7 |      28 |       8 |  22.2
        D:5 |     360 |       0 |   0.0 |      21 |       0 |   0.0
        D:6 |    1173 |     144 |  10.9 |      17 |       3 |  15.0
        D:7 |     385 |     587 |  60.4 |       8 |       2 |  20.0
      Sewer |       0 |     419 | 100.0 |       0 |      28 | 100.0
            +---------+---------+-------+---------+---------+-------

Illustrated notes

Table legend:
 A = Kills in this place as a percentage of kills in entire the game.
 B = Kills by you in this place as a percentage of kills by you in the entire game.
 C = Kills by friends in this place as a percentage of kills by friends in the entire game.
 D = Other kills in this place as a percentage of other kills in the entire game.
 E = Experience gained in this place as a percentage of experience gained in the entire game.
 F = Experience gained in this place divided by the number of levels of this place that you have seen.
                   A       B       C       D       E      F
               +-------+-------+-------+-------+-------+----------------------
         Total | 100.0 | 100.0 |   N/A |   N/A | 100.0 | 452.5
       Dungeon |  83.5 |  83.5 |   N/A |   N/A |  88.4 | 457.3
         Sewer |  16.5 |  16.5 |   N/A |   N/A |  11.6 | 419.0
               +-------+-------+-------+-------+-------+----------------------

Table legend: (Time is in decaauts)
 A = Elapsed time spent in this place.
 B = Non-inter-level travel time spent in this place.
 C = Inter-level travel time spent in this place.
 D = Time resting spent in this place.
 E = Time spent auto-exploring this place.
 F = Levels seen in this place.
 G = Mean time per level.
                   A        B        C        D        E       F      G
               +--------+--------+--------+--------+--------+-----+--------+
         Total |   8141 |   7902 |    239 |    542 |   6118 |   8 | 1017.6 |
       Dungeon |   6471 |   6232 |    239 |    342 |   5000 |   7 |  924.4 |
         Sewer |   1670 |   1670 |      0 |    200 |   1117 |   1 | 1670.0 |
               +--------+--------+--------+--------+--------+-----+--------+

Top non-repeatable levels by time:
   Sewer: 1670 daAuts
     D:6: 1477 daAuts
     D:4: 1119 daAuts
     D:3: 1044 daAuts
     D:5: 978 daAuts
     D:2: 816 daAuts
     D:1: 636 daAuts
     D:7: 399 daAuts
